 Dungeon Crawl Stone Soup version 0.27-a0-1200-g94dc6ad4cf (webtiles) character file.

Game seed: 13097197923340556210

14113 lightspider the Fighter (level 11, -18/97 HPs)
             Began as a Red Draconian Conjurer on June 1, 2021.
             Was an Initiate of Gozag.
             Demolished by a tyrant leech (26 damage)
             ... on level 1 of the Swamp.
             The game lasted 01:12:20 (13994 turns).

lightspider the Fighter (Red Draconian Conjurer)   Turns: 13994, Time: 01:12:22

Health: -18/97     AC: 16    Str: 14    XL:     11   Next: 84%
Magic:  19/23      EV: 15    Int: 18    God:    Gozag
Gold:   1620       SH:  7    Dex: 12    Spells: 18/26 levels left

rFire    + . .     SeeInvis +   t - +5 flail of Zitsacse {flame, *Noise Fly rC++}
rCold    + + +     Faith    .   s - +2 buckler
rNeg     + . .     Spirit   .   (armour unavailable)
rPois    .         Reflect  .   I - +2 hat of Okawaru's Grace {+Blink Will+ rCorr Dex+3}
rElec    .         Harm     .   H - +0 cloak
rCorr    +         Rampage  .   r - +0 pair of gloves
Will     +....                  K - +0 pair of boots
Stlth    ++........             v - amulet of regeneration
HPRegen  1.26/turn              g - +4 ring of protection
MPRegen  0.18/turn              J - ring of the Fool {rC++ rN+ rCorr SInv}

@: flying, slowed, very slow
A: breathe fire, AC +7, unfitting armour, fire resistance 1, cold-blooded
a: Breathe Fire, Renounce Religion, Evoke Blink, Potion Petition, Call Merchant,
Bribe Branch


You were on level 1 of the Swamp.
You worshipped Gozag.
Gozag was most pleased with you.
You visited 3 branches of the dungeon, and saw 13 of its levels.
You also visited: Bailey.

You collected 2573 gold pieces.
You spent 904 gold pieces at shops.
You paid 49 gold pieces to Gozag.

Inventory:

Hand Weapons
 c - a +0 whip
 d - a +0 short sword of freezing
 j - a +3 flail of draining
 t - the +5 flail of Zitsacse (weapon) {flame, *Noise Fly rC++}
   (You found it on level 4 of the Dungeon)

   It has been specially enchanted to burn those struck by it, causing extra
   injury to most foes and up to half again as much damage against particularly
   susceptible opponents.
   It greatly protects you from cold.
   It grants you flight.
   It may make noises in combat.
Missiles
 b - 519 stones
 u - a curare-tipped dart
Armour
 r - a +0 pair of gloves (worn)
 s - a +2 buckler (worn)
 E - a +1 hat
 G - a +2 hat
 H - a +0 cloak (worn)
 I - the +2 hat of Okawaru's Grace (worn) {+Blink Will+ rCorr Dex+3}
   (You acquired it on level 10 of the Dungeon)

   It affects your dexterity (+3).
   It lets you blink.
   It protects you from acid and corrosion.
   It increases your willpower.
 K - a +0 pair of boots (worn)
Jewellery
 g - a +4 ring of protection (left hand)
 v - an amulet of regeneration (around neck)
 C - a +6 ring of dexterity
 J - the ring of the Fool (right hand) {rC++ rN+ rCorr SInv}
   (You found it on level 10 of the Dungeon)

   [ring of positive energy]

   It greatly protects you from cold.
   It protects you from negative energy.
   It lets you see invisible.
   It protects you from acid and corrosion.
Wands
 q - a wand of paralysis (19)
 y - a wand of polymorph (15)
 D - a wand of iceblast (3)
 F - a wand of flame (20)
 M - a wand of charming (10)
Scrolls
 p - a scroll of summoning
 A - 2 scrolls of enchant armour
 B - 2 scrolls of magic mapping
 L - 2 scrolls of teleportation
Potions
 a - 2 potions of lignification
 e - 2 potions of magic
 f - 2 potions of resistance
 h - 2 potions of degeneration
 i - 2 potions of mutation
 k - a potion of attraction {unknown}
 l - 4 potions of curing
 m - 2 potions of heal wounds
 n - 2 potions of ambrosia {unknown}
 o - 3 potions of might
 w - 5 potions of brilliance
 x - 2 potions of haste
 z - 2 potions of flight {unknown}


   Skills:
 + Level 9.4 Fighting
 - Level 0.9 Short Blades
 + Level 8.5 Maces & Flails
 + Level 8.2 Dodging
 - Level 1.9 Stealth
 - Level 4.0 Shields
 + Level 8.2 Spellcasting
 - Level 5.5 Conjurations
 + Level 3.9 Transmutations
 - Level 6.2 Fire Magic


You had 18 spell levels left.
You knew the following spells:

 Your Spells              Type           Power      Damage    Failure   Level
a - Magic Dart            Conj           100%       1d8       1%          1
b - Searing Ray           Conj           54%        3d5       1%          2
c - Conjure Flame         Conj/Fire      28%        6-21      2%          3
d - Wereblood             Tmut           21%        N/A       3%          2

Your spell library contained the following spells:

 Spells                   Type           Power      Damage    Failure   Level
 Beastly Appendage        Tmut           42%        N/A       1%          1
 Sting                    Tmut/Pois      56%        1d5       4%          1
 Ignite Poison            Fire/Tmut/Pois 19%        N/A       7%          3
 Summon Small Mammal      Summ           28%        N/A       10%         1
 Dazzling Flash           Conj/Hex       34%        N/A       10%         3
 Spider Form              Tmut/Pois      7%         N/A       13%         3
 Blink                    Tloc           N/A        N/A       14%         2
 Call Imp                 Summ           7%         N/A       14%         2
 Corpse Rot               Necr/Air       N/A        N/A       14%         2
 Poisonous Vapours        Pois/Air       14%        N/A       14%         2
 Slow                     Hex            7%         N/A       14%         2
 Mephitic Cloud           Conj/Pois/Air  13%        N/A       14%         3
 Call Canine Familiar     Summ           7%         N/A       28%         3
 Summon Guardian Golem    Hex/Summ       7%         N/A       28%         3
 Vampiric Draining        Necr           3%         2d6       28%         3
 Fulminant Prism          Conj/Hex       8%         3d7       30%         4
 Iskenderun's Mystic Bla  Conj/Tloc      17%        2d5       30%         4
 Irradiate                Conj/Tmut      12%        3d18      36%         5
 Ice Form                 Ice/Tmut       14%        N/A       38%         4
 Hydra Form               Tmut           10%        N/A       47%         5
 Olgreb's Toxic Radiance  Pois           7%         N/A       67%         4
 Summon Ice Beast         Ice/Summ       7%         N/A       67%         4
 Summon Lightning Spire   Summ/Air       7%         N/A       67%         4
 Freezing Cloud           Conj/Ice/Air   6%         6-21      100%        6
 Dragon Form              Tmut           10%        N/A       100%        7


Dungeon Overview and Level Annotations

Branches:
Dungeon (10/15)            Temple (0/1) D:7            Lair (2/6) D:8
  Swamp (1/4) Lair:2       Bailey (visited)
  Snake: Lair:2-4    Spider: Lair:2-4       Orc: D:9-12

Altars:
Cheibriados
Dithmenos
Elyvilon
Gozag
Hepliaklqana
Kikubaaqudgha
Nemelex Xobeh
Qazlal
Uskayaw
Wu Jian
Xom
Yredelemnul
Beogh

Shops:
D:7 *   D:10 =

Annotations:
D:4 1 runed translucent door, Crazy Yiuf
D:8 3 runed translucent doors, deadmanwalking's ghost, novice DjCj
Lair:2 exclusion: oklob plant


Innate Abilities, Weirdness & Mutations

You can breathe blasts of fire.
Your fiery red scales are hard. (AC +7)
You cannot fit into any form of body armour.
Your flesh is heat resistant. (rF+)
You are cold-blooded and may be slowed by cold attacks.


Message History

The tyrant leech draws strength from your injuries!
The swamp worm closely misses you.
You hit the tyrant leech. You burn the tyrant leech.
You tail-slap the tyrant leech, but do no damage.
The tyrant leech is severely wounded.
You block the swamp worm's attack. The tyrant leech misses you.
The swamp worm misses you.
You feel much better.
The swamp worm bites you but does no damage.
The tyrant leech bites you!!
The tyrant leech draws strength from your injuries!
Casting: Searing Ray (safe; 1% risk of failure)
Confirm with . or Enter, or press ? or * to list all spells.
Aiming: Searing Ray (safe; 1% risk of failure)
Press: ? - help, Shift-Dir - straight line, f - tyrant leech
Aim: a tyrant leech (heavily wounded, 66% to hit)
The searing ray hits the tyrant leech.
The tyrant leech is heavily wounded. (Press . to maintain the ray.)
You block the swamp worm's attack. You block the tyrant leech's attack.
The swamp worm bites you.
The searing ray hits the tyrant leech.
The tyrant leech is severely wounded.
The swamp worm barely misses you. You block the tyrant leech's attack.
The swamp worm bites you.
* * * LOW HITPOINT WARNING * * *
The tyrant leech closely misses you.
The searing ray hits the tyrant leech!
The tyrant leech is severely wounded.
The swamp worm completely misses you. You block the swamp worm's attack.
The tyrant leech bites you!
* * * LOW HITPOINT WARNING * * *
The tyrant leech draws strength from your injuries!
The searing ray hits the tyrant leech!
The tyrant leech is severely wounded.
You finish channeling your searing ray.
The swamp worm bites you!
* * * LOW HITPOINT WARNING * * *
The tyrant leech bites you!!
You die...
Your body crumbles into a pile of gold.

♣♣♣♣♣♣♣ ♣)....♣♣ ≈
♣♣♣ ♣≈≈.≈≈.♣
≈≈...♣♣§.♣♣≈≈≈≈≈≈♣♣
≈≈≈§≈.♣.$@w..≈♣...♣
w≈§≈≈≈....w≈.♣♣.≈≈.♣♣
≈≈≈≈.≈≈..≈≈≈...§§.≈♣♣
♣..≈(≈≈.≈≈≈.≈≈≈≈≈..♣
♣♣≈≈§........≈≈≈≈≈..
♣..≈>..≈...≈....≈≈≈.
♣§≈≈≈≈§§≈.≈≈....≈≈≈≈
♣§≈≈≈≈§...≈§≈..♣.≈.♣
♣≈≈≈≈≈.♣♣......≈≈≈♣


You could see a tyrant leech and a swamp worm.

Vanquished Creatures
  A hydra (Lair:1)
  A two-headed ogre (D:10)
  A bog body (Swamp:1)
  3 cane toads
  Maggie (D:7)
  A komodo dragon (Lair:1)
  2 tengu conjurers (D:10)
  A hornet (D:7)
  Grinder (D:4)
  Prince Ribbit (D:7)
  3 blink frogs (Lair:2)
  A shadow (D:6)
  2 wyverns
  17 yaks
  A steam dragon (D:6)
  A swamp worm (Swamp:1)
  2 acid dragons (D:10)
  3 water moccasins
  3 ice beasts
  2 sky beasts
  Duvessa (D:7)
  6 orc warriors (Bailey)
  A centaur (D:7)
  4 black bears
  2 ogres
  2 necrophages
  2 kobold brigands (D:8)
  10 bullfrogs
  A wyvern zombie (D:7)
  4 scorpions
  A wyvern skeleton (D:7)
  10 killer bees
  Dowan (D:7)
  14 wights
  2 howler monkeys
  3 centaur zombies
  4 hounds
  2 jellies
  3 gnoll shamans
  6 orc priests
  2 bullfrog skeletons
  A centaur skeleton (D:7)
  Ijyb (D:4)
  Natasha (D:3)
  5 iguanas
  4 orc wizards
  A killer bee zombie (D:7)
  A hound skeleton (D:4)
  Robin (D:3)
  A howler monkey zombie (D:5)
  8 adders
  12 gnolls
  A howler monkey skeleton (D:6)
  2 adder skeletons (D:4)
  3 worms
  5 dart slugs
  28 orcs
  9 ball pythons
  4 endoplasms
  2 giant cockroaches (D:1)
  15 goblins
  11 hobgoblins
  4 jackals (D:2)
  4 quokkas
  4 bats
  5 frilled lizards
  25 kobolds
  8 rats
295 creatures vanquished.

Vanquished Creatures (others)
  9 plants
9 creatures vanquished.

Grand Total: 304 creatures vanquished

Notes
Turn   | Place    | Note
-------+----------+-------------------------------------------
     0 | D:1      | lightspider the Draconian Conjurer began the quest for the
                  | Orb.
     0 | D:1      | Reached XP level 1. HP: 14/14 MP: 3/3
   127 | D:1      | Reached XP level 2. HP: 20/20 MP: 0/5
   496 | D:1      | Learned a level 2 spell: Searing Ray
   824 | D:1      | Reached XP level 3. HP: 27/27 MP: 3/6
  1067 | D:1      | Reached skill level 1 in Fighting
  1994 | D:3      | Reached XP level 4. HP: 35/35 MP: 2/7
  2293 | D:3      | Noticed Robin
  2304 | D:3      | Reached skill level 1 in Maces & Flails
  2312 | D:3      | Killed Robin
  2313 | D:3      | Reached XP level 5. HP: 32/41 MP: 1/9
  2557 | D:3      | Reached skill level 2 in Fighting
  2648 | D:3      | Found a faded altar of an unknown god.
  2688 | D:3      | Noticed Natasha
  2692 | D:3      | Killed Natasha
  2874 | D:3      | Found a sparkling altar of Nemelex Xobeh.
  3006 | D:4      | Identified a scroll of acquirement
  3006 | D:4      | Acquired the Tome of Sinister Arts
  3019 | D:4      | Reached skill level 5 in Conjurations
  3141 | D:4      | Reached XP level 6. HP: 36/50 MP: 1/10
  3258 | D:4      | Noticed Ijyb
  3268 | D:4      | Killed Ijyb
  3513 | D:4      | Identified the +5 flail of Zitsacse {flame, *Noise Fly
                  | rC++}
  3539 | D:4      | Noticed Grinder
  3552 | D:4      | Killed Grinder
  3553 | D:4      | Reached skill level 3 in Fighting
  3553 | D:4      | Reached skill level 1 in Shields
  3553 | D:4      | Your scales start taking on a fiery red colour.
  3553 | D:4      | Reached XP level 7. HP: 48/57 MP: 5/12
  3553 | D:4      | Gained mutation: Your flesh is heat resistant. (rF+) [Red
                  | Draconian growth]
  3856 | D:4      | Found a runed translucent door.
  3857 | D:4      | Noticed Crazy Yiuf
  4227 | D:5      | Entered Level 5 of the Dungeon
  4276 | D:5      | Reached skill level 1 in Fire Magic
  4360 | D:5      | Found a shimmering altar of Xom.
  4491 | D:5      | Noticed a wyvern
  4503 | D:5      | Killed a wyvern
  4566 | D:5      | Reached XP level 8. HP: 66/66 MP: 9/14
  4751 | D:5      | Reached skill level 4 in Fighting
  5337 | D:5      | Found an opulent altar of Gozag.
  5353 | D:5      | Became a worshipper of Gozag Ym Sagoz the Greedy
  5704 | D:6      | Reached skill level 5 in Fighting
  5704 | D:6      | Reached XP level 9. HP: 74/74 MP: 0/16
  5754 | D:6      | Reached skill level 5 in Dodging
  5760 | D:6      | Reached skill level 5 in Spellcasting
  5932 | D:6      | Reached skill level 5 in Maces & Flails
  6540 | D:6      | Reached skill level 5 in Fire Magic
  6602 | D:6      | Reached skill level 6 in Fighting
  6688 | D:6      | Found a snail-covered altar of Cheibriados.
  6845 | D:7      | Noticed Maggie
  6863 | D:7      | Killed Maggie
  7027 | D:7      | Found a staircase to the Ecumenical Temple.
  7155 | D:7      | Noticed Duvessa
  7157 | D:7      | Noticed Dowan
  7204 | D:7      | Reached XP level 10. HP: 79/84 MP: 18/18
  7286 | D:7      | Found a hazy altar of Hepliaklqana.
  7356 | D:7      | Found a flagged portal.
  7365 | Bailey   | Entered a bailey
  7639 | Bailey   | Acquired Sirom's Almanac of Freezing Transmutation
  7645 | Bailey   | Learned a level 3 spell: Conjure Flame
  7932 | D:7      | Found Qoykhon's Assorted Antiques.
  7945 | D:7      | Noticed Prince Ribbit
  7963 | D:7      | Killed Prince Ribbit
  7964 | D:7      | Reached skill level 7 in Fighting
  7968 | D:7      | Bought a silvery potion for 23 gold pieces
  7968 | D:7      | Bought a scroll labelled KITOPYDWAA for 26 gold pieces
  7968 | D:7      | Bought a puce potion for 23 gold pieces
  7968 | D:7      | Bought a paperback book for 390 gold pieces
  7968 | D:7      | Bought a leatherbound book for 390 gold pieces
  7968 | D:7      | Bought a scroll of identify for 52 gold pieces
  8017 | D:7      | Found a large runed translucent door.
  8018 | D:7      | Found a large runed translucent door.
  8112 | D:7      | Killed Dowan
  8129 | D:7      | Killed Duvessa
  8331 | D:7      | Found an ancient bone altar of Kikubaaqudgha.
  8337 | D:7      | Paralysed by a hornet for 2 turns
  8415 | D:7      | Found a hide-covered altar of Uskayaw.
  8711 | D:8      | Found a white marble altar of Elyvilon.
  8711 | D:8      | Found a shadowy altar of Dithmenos.
  8711 | D:8      | Found an ornate altar of the Wu Jian Council.
  8711 | D:8      | Found a basalt altar of Yredelemnul.
  8767 | D:8      | Found a staircase to the Lair.
  9236 | D:8      | Found a runed translucent gate.
  9237 | D:8      | Noticed deadmanwalking's ghost (novice DjCj)
  9238 | D:8      | Found a runed translucent gate.
  9241 | D:8      | Found a runed translucent gate.
  9655 | Lair:1   | Entered Level 1 of the Lair of Beasts
  9853 | Lair:1   | Noticed a cane toad
  9883 | Lair:1   | Killed a cane toad
  9995 | Lair:1   | Noticed an eight-headed hydra
 10420 | D:9      | Found a stormy altar of Qazlal.
 10479 | D:9      | Reached skill level 8 in Fighting
 10562 | D:9      | Reached XP level 11. HP: 94/94 MP: 21/21
 10710 | D:9      | Learned a level 2 spell: Wereblood
 10758 | D:10     | Entered Level 10 of the Dungeon
 10856 | D:10     | Found Igamocs's Jewellery Shoppe.
 10860 | D:10     | Identified the ring of the Fool {rC++ rN+ rCorr SInv}
 10919 | D:10     | Noticed a two-headed ogre
 10952 | D:10     | Killed a two-headed ogre
 10953 | D:10     | Reached skill level 1 in Transmutations
 11283 | D:10     | Acquired the +2 hat of Okawaru's Grace {+Blink Will+ rCorr
                  | Dex+3}
 12353 | Lair:1   | Killed an eight-headed hydra
 12354 | Lair:1   | Reached skill level 9 in Fighting
 13288 | Lair:2   | Found a staircase to the Swamp.
 13630 | Lair:2   | Noticed an oklob plant
 13934 | Swamp:1  | Entered Level 1 of the Swamp
 13952 | Swamp:1  | Noticed a bog body
 13963 | Swamp:1  | Killed a bog body
 13994 | Swamp:1  | Demolished by a tyrant leech

Illustrated notes

Levels and vault maps discovered:
D:1:      dpeg_arrival_ternary, layout_rooms
D:2:      layout_loops_cross
D:3:      layout_rooms, nemelex_dance_club_becter, basic_ecumenical_altar,
          uniq_natasha, uniq_robin
D:4:      layout_loops_ring, uniq_ijyb, uniq_grinder, uniq_crazy_yiuf_cottage
D:5:      layout_loops_corners, overflow_temple_1_default,
          nicolae_gozag_cash_rules_everything_around_me
D:6:      layout_gridville, marbit_many_paths, grunt_potential
D:7:      layout_loops_ring, jmf_multi_god_temple2, general_overflow_altar,
          minmay_temple_entry_waves, serial_shops,
          nicolae_shop_overgrown_old_shop, enter_bailey_2, st_stairs_10,
          uniq_duvessa, uniq_prince_ribbit1, uniq_maggie
D:8:      layout_loops_ring, chequers_temple_overflow_statue_of_worship,
          dpeg_oklobed_lair, biasface_ghost_orc_armoury,
          minmay_fractal_squares_diagonal_5
D:9:      layout_big_octagon, overflow_temple_1_default
D:10:     layout_stronghold, serial_column_ruins, column_ruins_hut,
          column_ruins_grid_2, column_ruins_open_small,
          column_ruins_columns_corner, column_ruins_corridor_straight,
          column_ruins_grid_1, serial_shops, shop_statue, dk_rats_in_the_wall
Lair:1:   layout_regular_city, serial_bayou_pond_e, minivault_19,
          lemuel_fruit_fields
Lair:2:   layout_layer_cave, swamp_mist_pool, minmay_lair_oklob_chamber,
          uniq_urug
Swamp:1:  layout_basic_swamp, nicolae_swamp_little_tower

Skill      XL: |  1  2  3  4  5  6  7  8  9 10 11 |
---------------+----------------------------------+-----
Dodging        | 2 3 4 5 7 8 |  8.2
Fighting       | 1 2 3 5 6 8 9 |  9.4
Maces & Flails | 1 2 3 4 5 7 8 |  8.5
Conjurations   | 5 |  5.5
Spellcasting   | 3 4 5 7 8 |  8.2
Shields        | 1 2 3 4 |  4.0
Fire Magic     | 1 3 5 6 |  6.2
Transmutations | 3 |  3.9
Short Blades   | |  0.9
Stealth        | |  1.9

Action                   |  1- 3 |  4- 6 |  7- 9 | 10-12 || total
-------------------------+-------+-------+-------+-------++-------
Melee: Whip              |     4 |       |       |       ||     4
       Short sword       |    19 |       |       |       ||    19
       Tailslap          |     4 |     3 |    11 |    38 ||    56
       Flail             |       |    43 |   143 |   337 ||   523
 Cast: Magic Dart        |    72 |    31 |    10 |     6 ||   119
       Searing Ray       |     1 |    12 |    38 |    38 ||    89
       Conjure Flame     |       |       |       |    12 ||    12
       Wereblood         |       |       |       |     3 ||     3
 Abil: Breathe Fire      |       |       |     2 |     1 ||     3
       Evoke Blink       |       |       |       |     1 ||     1
Evoke: Wand              |       |       |       |     2 ||     2
  Use: Scroll            |     4 |     3 |     6 |    14 ||    27
       Potion            |       |       |       |     3 ||     3
 Stab: Sleeping          |       |     1 |     2 |     1 ||     4
       Paralysed         |       |       |       |     5 ||     5
       Distracted        |       |       |       |     3 ||     3
Armor: Skin              |    16 |    28 |    89 |   163 ||   296
Dodge: Dodged            |    21 |    36 |   140 |   306 ||   503
Block: Buckler           |       |     2 |    39 |   144 ||   185

Table legend: (Time is in decaauts)
 A = Elapsed time spent in this place.
 B = Non-inter-level travel time spent in this place.
 C = Inter-level travel time spent in this place.
 D = Time resting spent in this place.
 E = Time spent auto-exploring this place.
 F = Levels seen in this place.
 G = Mean time per level.
                   A        B        C        D        E       F      G
               +--------+--------+--------+--------+--------+-----+--------+
         Total |  14074 |  13304 |    770 |   2398 |   7469 |  14 | 1005.3 |
       Dungeon |  11419 |  10744 |    675 |   2241 |   5939 |  10 | 1141.9 |
          Lair |   2258 |   2163 |     95 |    157 |   1530 |   2 | 1129.0 |
         Swamp |     79 |     79 |      0 |      0 |      0 |   1 |   79.0 |
        Bailey |    317 |    317 |      0 |      0 |      0 |   1 |  317.0 |
               +--------+--------+--------+--------+--------+-----+--------+

Top non-repeatable levels by time:
     D:7: 1421 daAuts
     D:5: 1359 daAuts
     D:4: 1265 daAuts
     D:6: 1255 daAuts
    D:10: 1232 daAuts
     D:8: 1220 daAuts
  Lair:2: 1182 daAuts
     D:3: 1179 daAuts
  Lair:1: 1076 daAuts
     D:1: 1040 daAuts
     D:2: 766 daAuts
     D:9: 679 daAuts
  Bailey: 317 daAuts
 Swamp:1: 79 daAuts
